 Dungeon Crawl Stone Soup version 0.30-a0-381-g6ea064c (webtiles) character file.

Game seed: 5522762701025715799

161 PurpleRed the Cutter (level 5, -5/32 HPs)
             Began as a Deep Elf Fighter on Dec 1, 2022.
             Killed by an exploding endoplasm (37 damage)
             ... ignited by their inner flame
             ... on level 3 of the Dungeon.
             The game lasted 00:05:03 (832 turns).

PurpleRed the Cutter (Deep Elf Fighter)              Turns: 832, Time: 00:05:04

Health: -5/32      AC:  6    Str: 13    XL:     5   Next: 18%
Magic:  7/7        EV: 11    Int: 15    God:
Gold:   74         SH:  9    Dex: 14    Spells: 4/4 levels left

rFire   . . .      SeeInvis .    a - +3 rapier
rCold   + . .      Faith    .    c - +0 buckler
rNeg    . . .      Spirit   .    j - +1 ring mail {rC+}
rPois   .          Reflect  +    (no helmet)
rElec   .          Harm     .    (no cloak)
rCorr   .          Rampage  .    (no gloves)
Will    .....                    (no boots)
Stlth   +.........               o - amulet of reflection
HPRegen 0.25/turn                (no ring)
MPRegen 0.10/turn                (no ring)

@: no status effects
A: no striking features
a: no special abilities


You were on level 3 of the Dungeon.
You visited 1 branch of the dungeon, and saw 4 of its levels.

You collected 74 gold pieces.

Inventory:

Hand Weapons
 a - a +3 rapier (weapon)
Missiles
 d - 2 atropa-tipped darts (quivered)
 t - 6 poisoned darts
Armour
 b - a +0 scale mail
 c - a +0 buckler (worn)
 e - a +0 robe
 i - a +0 plate armour
 j - a +1 ring mail of cold resistance (worn)
Magical Staves
 u - a staff of death
Jewellery
 o - an amulet of reflection (around neck)
Scrolls
 p - 2 scrolls of amnesia {unknown}
 r - a scroll of acquirement {unknown}
Potions
 f - a potion of mutation {unknown}
 g - a potion of lignification {unknown}
 k - 2 potions of invisibility {unknown}
 l - 3 potions of curing {unknown}
 n - 3 potions of berserk rage {unknown}
 q - a potion of ambrosia {unknown}
 s - a potion of degeneration {unknown}


   Skills:
 + Level 3.1 Fighting
 * Level 4.1 Short Blades
 - Level 2.4 Armour
 + Level 2.7 Dodging
 - Level 2.4 Shields


You had 4 spell levels left.
You didn't know any spells.
Your spell library was empty.

Dungeon Overview and Level Annotations

Branches:
Dungeon (4/15)
 Temple: D:4-7

Altars:


Message History

There is a stone staircase leading up here. 2 endoplasms come into view.
The endoplasm quivers.
As you read the scroll labelled QEPIOM JYLLIER, it crumbles to dust.
The creatures around you are filled with an inner flame!
It was a scroll of immolation.
As you read the scroll labelled QIEPLEM TOUZUQU, it crumbles to dust.
It is a scroll of enchant armour.
Your +0 ring mail of cold resistance glows green for a moment.
The endoplasm attacks as you move away! The endoplasm closely misses you.
There is a stone staircase leading up here.
The endoplasm freezes you.
You are frozen.
You resist.
You climb upwards.
There is a stone staircase leading down here.
The endoplasm attacks as you move away! You block the endoplasm's attack.
The endoplasm attacks as you move away! The endoplasm barely misses you.
A jackal comes into view.
The jackal barks!
The endoplasm attacks as you move away! You block the endoplasm's attack.
The endoplasm attacks as you move away! You block the endoplasm's attack.
The endoplasm attacks as you move away! You block the endoplasm's attack.
You see here a frilled lizard corpse.
You see here an adder corpse.
You barely miss the endoplasm. The endoplasm freezes you.
You are frozen.
You resist.
You barely miss the endoplasm. The endoplasm freezes you.
You are frozen.
You resist. You block the jackal's attack.
You hit the endoplasm.
Flame seeps out of the endoplasm.
The endoplasm is almost dead.
You block the jackal's attack.
The endoplasm is engulfed in blazing flames.
The endoplasm explodes!
The fiery explosion engulfs the jackal!
You kill the jackal!
The fiery explosion engulfs you!!!
Ouch! That really hurt!
You die...

...[...###....# .# #...#
.......# #.#.####.# #...#
.......####....#...#
#...# ###
.......##........# ##...#
#.. .......##.####...###
###....###.# ......###.#
##...h###..........#
.....###..#
#§##..##.#####.....
.####....## #§○##.#..#
#.#### ).....####
##@##...#### #.# #
..##### ######..h.#....#
#.#### ....#
##...#.....####.###.....
....#
##....................###
....#
#...........#####.....#
....#
#.......>...######....#
##### #.........)....#
#....# ##........)....#
#....# ##...#...#....#
#....#


You could see a jackal (wandering).

Vanquished Creatures
  A scorpion (D:2)
  5 adders
  2 worms
  A dart slug (D:3)
  An orc (D:3)
  4 bats
  5 endoplasms
  A giant cockroach (D:1)
  2 goblins (D:2)
  2 hobgoblins
  5 jackals
  A quokka (D:2)
  7 ball pythons
  5 frilled lizards
  4 kobolds (D:3)
  2 rats
48 creatures vanquished.

Notes
Turn   | Place    | Note
-------+----------+-------------------------------------------
     0 | D:1      | PurpleRed the Deep Elf Fighter began the quest for the Orb.
     0 | D:1      | Reached XP level 1. HP: 13/13 MP: 3/3
    71 | D:1      | Found a faded altar of an unknown god.
   121 | D:1      | Reached XP level 2. HP: 18/18 MP: 4/4
   172 | D:1      | Reached skill level 1 in Dodging
   330 | D:2      | Reached XP level 3. HP: 15/22 MP: 5/5
   356 | D:2      | Reached skill level 3 in Short Blades
   584 | D:2      | Noticed a scorpion
   596 | D:2      | Killed a scorpion
   597 | D:2      | Reached XP level 4. HP: 28/28 MP: 6/6
   621 | D:2      | Reached skill level 4 in Short Blades
   621 | D:2      | Reached XP level 5. HP: 24/32 MP: 7/7
   832 | D:3      | Killed by an exploding endoplasm... ignited by their inner
                  | flame

Illustrated notes

Levels and vault maps discovered:
D:1:      dpeg_arrival_round_b, layout_loops_ring,
          shapermc_ecumenical_altar_venn
D:2:      layout_loops_ring, kennysheep_cluttered_room, corexii_corridor_pit
D:3:      layout_rooms
D:4:      layout_loops_ring, cheibrodos_sewer_entry_bend, minmay_fountain_box,
          hangedman_decor_diamond_cutter, corexii_item_surrounded_by_moat,
          minmay_bent, uniq_ijyb

Skill      XL: |  1  2  3  4 |
---------------+-------------+-----
Dodging        | 1 2 |  2.7
Short Blades   | 3 4 |  4.1
Fighting       | 3 |  3.1
Armour         | |  2.4
Shields        | |  2.4

Action                   |  1- 3 |  4- 6 || total
-------------------------+-------+-------++-------
Melee: Rapier            |   103 |    44 ||   147
  Use: Scroll            |     6 |     2 ||     8
       Potion            |     1 |       ||     1
Armor: Scale mail        |    16 |       ||    16
       Ring mail         |    21 |    18 ||    39
       Plate armour      |     7 |       ||     7
Dodge: Dodged            |    47 |    29 ||    76
Block: Buckler           |    25 |    20 ||    45

Table legend: (Time is in decaauts)
 A = Elapsed time spent in this place.
 B = Non-inter-level travel time spent in this place.
 C = Inter-level travel time spent in this place.
 D = Time resting spent in this place.
 E = Time spent auto-exploring this place.
 F = Levels seen in this place.
 G = Mean time per level.
                   A        B        C        D        E       F      G
               +--------+--------+--------+--------+--------+-----+--------+
         Total |    848 |    824 |     24 |      0 |     15 |   4 |  212.0 |
       Dungeon |    848 |    824 |     24 |      0 |     15 |   4 |  212.0 |
               +--------+--------+--------+--------+--------+-----+--------+

Top non-repeatable levels by time:
     D:3: 287 daAuts
     D:2: 286 daAuts
     D:1: 231 daAuts
     D:4: 42 daAuts
